AoeStats
← Ratchet08

Black Forest

509771591Analyzed
4v4 RM · 6d ago on Sep 28, 2026· 48m 26s· 8 players
Game mode
Random Map
Map size
Large (8 player)
Population
200
Speed
Normal
Resources
Standard
Victory
Conquest
Starting age
Dark Age
Ending age
Imperial Age
RankedLock teamsTeams togetherTeam positionsShared explorationLock speedFull tech treeHidden civsTurbo modeCheats
Victory
Defeat
🇲🇽 Aztecs · Mexico
961
+13
🇺🇸 Japanese · United States
933
+14
🇺🇸 Khmer · United States
927
+14
🇺🇸 Saracens · United States
923
+15
🇬🇧 Danes · United Kingdom
924
-15
🇨🇦 Franks · Canada
898
-14
🇨🇦 Bulgarians · Canada
881
-14
877
-13
Ratchet08
0:27 Loom
11:16 Feudal Age
18:08 Castle Age
17:01 Double-Bit Axe
16:59 Horse Collar
19:16 Wheelbarrow
19:39 Bow Saw
20:12 Heavy Plow
30:48 Imperial Age
29:25 Fletching
29:36 Padded Archer Armor
29:47 Forging
29:43 Scale Barding Armor
29:51 Bloodlines
30:32 Bodkin Arrow
30:38 Murder Holes
31:14 Hand Cart
30:46 Town Watch
32:50 Chemistry
32:12 Ballistics
32:25 Conscription
32:12 Elite Skirmisher
33:30 Thumb Ring
36:18 Leather Archer Armor
36:07 Bracer
37:38 Two-Man Saw
39:32 Siege Engineers
40:57 Husbandry
43:12 Ring Archer Armor
42:06 Elite Mameluke
46:48 Caravan
47:18 Coinage
47:48 Iron Casting
47:33 Chain Barding Armor
46:46 Light Cavalry
47:44 Town Patrol
47:08 Light Cavalry
BIZONADE
1:54 Loom
12:50 Feudal Age
15:36 Castle Age
14:31 Double-Bit Axe
15:18 Horse Collar
30:14 Imperial Age
30:40 Wheelbarrow
29:51 Town Watch
30:57 Ballistics
30:33 Murder Holes
30:46 Gold Mining
30:51 Stone Mining
31:52 Bow Saw
31:44 Heavy Plow
32:23 Gold Shaft Mining
33:16 Chemistry
32:09 Fletching
33:44 Conscription
33:25 Double Crossbow
33:20 Heavy Scorpion
34:37 Bodkin Arrow
35:45 Bracer
35:53 Siege Engineers
40:13 Hoardings
39:08 Sappers
39:39 Tusk Swords
41:02 Caravan
CONE
11:23 Feudal Age
12:06 Loom
17:29 Castle Age
15:31 Double-Bit Axe
16:33 Gold Mining
16:36 Stone Mining
16:29 Horse Collar
18:57 Wheelbarrow
19:43 Gold Shaft Mining
21:54 Bow Saw
23:15 Hand Cart
26:28 Heavy Plow
31:06 Imperial Age
30:47 Fervor
31:44 Caravan
32:07 Ballistics
32:48 Chemistry
32:02 Treadmill Crane
32:33 Scale Mail Armor
32:44 Forging
35:34 Iron Casting
34:51 Fletching
35:18 Chain Mail Armor
35:30 Man-at-Arms
35:40 Capped Ram
37:37 Squires
36:58 Long Swordsman
37:06 Siege Ram
38:23 Plate Mail Armor
38:54 Blast Furnace
38:22 Garland Wars
37:26 Eagle Warrior
38:32 Two-Handed Swordsman
39:32 Champion
43:14 Elite Eagle Warrior
45:41 Arson
Chill Maister
0:27 Loom
14:11 Feudal Age
14:14 Man-at-Arms
15:13 Horse Collar
22:22 Castle Age
21:01 Scale Barding Armor
22:42 Bloodlines
30:20 Light Cavalry
JTF2Deathadder
14:36 Feudal Age
17:20 Scale Mail Armor
17:31 Forging
19:23 Castle Age
18:38 Double-Bit Axe
19:52 Gambesons
20:08 Squires
20:34 Chain Mail Armor
20:55 Iron Casting
20:47 Arson
29:25 Horse Collar
37:40 Imperial Age
37:47 Wheelbarrow
37:43 Stone Mining
39:16 Stone Shaft Mining
39:03 Gold Mining
40:32 Gold Shaft Mining
40:25 Hand Cart
40:57 Plate Mail Armor
40:43 Scale Barding Armor
43:45 Conscription
43:20 Elite Konnik
46:03 Heated Shot
46:35 Ballistics
Willlin
0:31 Loom
13:19 Feudal Age
13:53 Double-Bit Axe
14:50 Gold Mining
15:56 Stone Mining
21:36 Castle Age
21:02 Wheelbarrow
21:50 Forging
21:40 Scale Mail Armor
24:41 Gold Shaft Mining
29:00 Iron Casting
29:22 Treadmill Crane
29:38 Murder Holes
30:04 Ballistics
33:59 Imperial Age
32:39 Masonry
32:58 Bow Saw
35:02 Conscription
35:52 Blast Furnace
36:19 Chemistry
36:19 Chivalry
39:29 Hand Cart
39:19 Ordonnance Companies
43:02 Chivalry
42:23 Elite Throwing Axeman
43:49 Scale Barding Armor
44:00 Chain Mail Armor
44:29 Husbandry
43:50 Cavalier
45:35 Light Cavalry
WarW◯lf 103 {WYR}
0:50 Loom
15:17 Feudal Age
17:09 Horse Collar
17:18 Double-Bit Axe
26:45 Castle Age
28:23 Squires
28:51 Squires
29:00 Heavy Plow
29:14 Bow Saw
29:12 Gold Mining
30:57 Scale Mail Armor
31:08 Forging
36:08 Gold Shaft Mining
35:29 Gambesons
39:35 Imperial Age
37:44 Wheelbarrow
36:55 Town Watch
40:53 Hand Cart
天皇陛下孙笑川
0:49 Loom
12:40 Feudal Age
19:36 Castle Age
19:57 Double-Bit Axe
20:50 Bow Saw
24:25 Horse Collar
25:50 Heavy Plow
27:25 Wheelbarrow
34:16 Imperial Age
32:02 Gold Mining
32:23 Scale Barding Armor
32:21 Scale Mail Armor
33:25 Hand Cart
33:29 Squires
33:51 Forging
33:54 Caravan
34:37 Chain Mail Armor
34:38 Stone Mining
35:26 Iron Casting
35:11 Treadmill Crane
36:04 Conscription
36:03 Arson
37:50 Plate Mail Armor
38:42 Crop Rotation
39:22 Two-Man Saw
38:46 Chain Barding Armor
39:13 Fletching
40:25 Blast Furnace
40:09 Husbandry
40:20 Bloodlines
41:01 Masonry
41:07 Fortified Wall
40:25 Light Cavalry
41:45 Stone Shaft Mining
41:59 Plate Barding Armor
41:47 Bodkin Arrow
41:22 Capped Ram
41:27 Vendel Legacy
42:12 Hussar
Connection lost

Rejoining the realm…

Still unreachable

The connection could not be restored.

Session expired

The server has moved on; the page needs a fresh start.